 Dungeon Crawl Stone Soup version 0.30.0-20-g3615ddf2f0 (webtiles) character file.

Game seed: 13142631858186890456

2221 qw the Shield-Bearer (level 9, -9/54 HPs)
             Began as a Gargoyle Fighter on May 27, 2023.
             Was a Follower of Okawaru.
             Killed by divine providence
             ... invoked by an orc priest
              (11 damage)
             ... on level 7 of the Dungeon.
             The game lasted 00:03:23 (5837 turns).

qw the Shield-Bearer (Gargoyle Fighter)             Turns: 5837, Time: 00:03:24

Health: -9/54      AC: 26    Str: 23    XL:     9   Next: 35%
Magic:  12/12      EV:  8    Int:  8    God:    Okawaru [*.....]
Gold:   1          SH: 12    Dex: 13    Spells: 8/8 levels left

rFire   . . .        b - +1 war axe
rCold   + . .        m - +0 kite shield
rNeg    + . .        i - +0 plate armour
rPois   inf          (no helmet)
rElec   +            e - +1 cloak
rCorr   .            u - +0 pair of gloves
SInv    +            g - +0 pair of boots
Will    .....        (no amulet) Stlth
                     t - ring of protection from cold
HPRegen 0.29/turn    q - ring of see invisible
MPRegen 0.13/turn

%: no passive effects
@: heroic, weakened
A: sickness immunity, AC +6, negative energy resistance 1, electricity
resistance, torment resistance 1, petrification resistance, agile 1
a: Renounce Religion, Heroism


You were on level 7 of the Dungeon.
You worshipped Okawaru.
Okawaru was aware of your devotion.
You visited 2 branches of the dungeon, and saw 8 of its levels.
You also visited: Sewer.

You collected 312 gold pieces.
You spent 311 gold pieces at shops.


Innate Abilities, Weirdness & Mutations

You are immune to sickness and miasma.
Your stone body is resilient. (AC +6)
You are immune to poison.
You resist negative energy. (rN+)
You are resistant to electric shocks. (rElec)
You are resistant to unholy torment.
You are immune to petrification.
You are agile. (Dex +4, Str/Int -1)


   Skills:
 - Level 5.4(10.4) Fighting
 + Level 7.0(12.0) Axes
 - Level 2.1(7.1) Throwing
 - Level 5.1(10.1) Armour
 - Level 1.0(6.0) Dodging
 - Level 7.3(12.3) Shields
 - Level 4.2 Invocations


You had 8 spell levels left.
You didn't know any spells.
Your spell library was empty.

Inventory:

Hand Weapons
 b - a +1 war axe (weapon)
 l - a +0 mace
Missiles
 s - 4 boomerangs (quivered)
Armour
 e - a +1 cloak (worn)
 g - a +0 pair of boots (worn)
 i - a +0 plate armour (worn)
 m - a +0 kite shield (worn)
 u - a +0 pair of gloves (worn)
Jewellery
 q - a ring of see invisible (right hand)
 t - a ring of protection from cold (left hand)
 Y - a ring of positive energy
Scrolls
 j - a scroll of identify
Potions
 a - a potion of resistance
 c - a potion of curing
 d - 2 potions of might
 f - a potion of lignification
 h - a potion of attraction
 k - a potion of mutation
 n - a potion of cancellation {unknown}
 p - a potion of brilliance {unknown}
 r - a potion of magic {unknown}

Dungeon Overview and Level Annotations

Branches:
Dungeon (7/15)             Temple (1/1) D:4           Sewer (visited)

Altars:
Ashenzari
Cheibriados
Dithmenos
Elyvilon
Fedhas
Gozag
Hepliaklqana
Kikubaaqudgha
Makhleb
Nemelex Xobeh
Okawaru
Qazlal
Ru
Sif Muna
Uskayaw
Wu Jian
Xom
Yredelemnul
The Shining One

Shops:
D:4 **   D:6 =[([*

Annotations:
D:1 1 runed translucent door
D:3 2 transporters, qw's ghost, amateur GrFi


Message History

You destroy the wight!
Okawaru accepts your kill.
You hit the orc warrior but do no damage.
You hit the gnoll bouda.
You kill the gnoll bouda!
Okawaru accepts your kill. The gnoll misses you.
The orc warrior barely misses you.
A gnoll comes into view. It is wielding a +0 flail.
The gnoll sergeant hits you but does no damage.
The wight hits you from afar with a +0 spear.
Your base Armour skill increases to level 5!
You hit the orc warrior.
The orc warrior is moderately wounded.
You block the gnoll's attack.
The orc warrior hits you but does no damage.
The gnoll sergeant hits you from afar with a +0 trident.
The wight closely misses you.
You hit the orc warrior.
The orc warrior is moderately wounded.
The gnoll sergeant is no longer moving quickly.
The gnoll hits you but does no damage. The orc warrior closely misses you.
An orc comes into view. It is wielding a +0 hand axe.
You block the gnoll sergeant's attack. You block the wight's attack.
The orc priest casts a cantrip, but nothing happens.
You barely miss the orc warrior.
The orc warrior is moderately wounded.
The gnoll closely misses you.
The orc warrior hits you with a +0 war axe!
The gnoll sergeant hits you but does no damage.
You block the wight's attack.
The orc priest calls down the wrath of Beogh upon you.
Beogh smites you!
You barely miss the orc warrior.
The orc warrior is moderately wounded.
The gnoll hits you but does no damage.
The orc warrior hits you with a +0 war axe!
The gnoll sergeant hits you but does no damage.
The orc priest mumbles some strange prayers to Beogh against you.
Beogh smites you!
You die...

...#######
#......<#
#.####.%#
###.####..#
.?.....>..#
###.###)o.#.#.#
#.....@)o.....
#####)))o#.###
#zgg##... #.g..
... #..### ####
#..# #..# #..#


You could see an orc warrior, a gnoll sergeant, a wight, an orc priest, 2 gnolls
and an orc.

Vanquished Creatures
  A troll (D:6)
  A steam dragon (D:6)
  3 ice beasts (D:6)
  A sky beast (D:3)
  An orc warrior (D:6)
  A black bear (D:6)
  A phantom (D:6)
  2 centaurs
  Blork the orc (D:5)
  A scorpion (D:6)
  4 wights (D:7)
  2 howler monkeys (D:7)
  A gnoll bouda (D:7)
  A jelly (D:5)
  2 hounds (D:6)
  4 iguanas
  A sleepcap (D:6)
  Ijyb (D:5)
  An orc wizard (D:5)
  Natasha (twice) (D:3)
  10 gnolls
  13 adders
  2 ufetubi
  4 worms
  A dart slug (D:2)
  10 orcs
  8 ball pythons
  10 endoplasms
  5 giant cockroaches
  6 goblins
  8 hobgoblins
  7 quokkas
  8 bats
  9 frilled lizards
  11 kobolds
  6 rats
150 creatures vanquished.

Notes
Turn   | Place    | Note
-------+----------+-------------------------------------------
     0 | D:1      | qw the Gargoyle Fighter began the quest for the Orb.
     0 | D:1      | Reached XP level 1. HP: 14/14 MP: 1/1
     0 | D:1      | Noticed a jelly
     0 | D:1      | 0 ||| qw: Version: 0.2-a-99-gce666ed
     0 | D:1      | 0 ||| qw: Game counter: 157
     0 | D:1      | 0 ||| qw: Always use a shield: true
     0 | D:1      | 0 ||| qw: God list: Okawaru
     0 | D:1      | 0 ||| qw: Allow faded altars: false
     0 | D:1      | 0 ||| qw: Do Orc after D:15 true
     0 | D:1      | 0 ||| qw: Do second Lair branch before Depths: true
     0 | D:1      | 0 ||| qw: Lair rune preference: random
     0 | D:1      | 0 ||| qw: Plans: Normal, Zot:1-4, God:TSO, Crypt, Tomb,
                  | Pan, Slime:5, Hells, Abyss, Win
     0 | D:1      | 0 ||| PLANNING D:1-11
     1 | D:1      | Found a runed translucent door.
   108 | D:1      | Reached XP level 2. HP: 19/19 MP: 2/2
   409 | D:1      | 409 ||| DROPPING +0 club.
   482 | D:1      | Reached skill level 3 in Axes
   762 | D:1      | 762 ||| UPGRADING to +0 cloak.
   767 | D:1      | 767 ||| READING scroll labelled KAMEEZ RUNN.
   768 | D:1      | 768 ||| READING scroll labelled UDEETA KUJYRHU.
   769 | D:1      | 769 ||| READING 2 scrolls labelled NEEVOOHUXI.
   770 | D:1      | 770 ||| READING scroll labelled WUKKOAGOPP.
   781 | D:1      | 781 ||| READING scroll labelled MYOGYS ARRUETA.
   782 | D:1      | 782 ||| DRINKING 2 silvery potions.
   783 | D:1      | 783 ||| DROPPING potion of flight.
   790 | D:2      | 790 ||| Stepping ~*~*~tactically~*~*~ (stealth).
   795 | D:2      | Reached XP level 3. HP: 23/23 MP: 3/3
   861 | D:2      | 861 ||| Stepping ~*~*~tactically~*~*~ (stealth).
   943 | D:2      | Reached XP level 4. HP: 28/28 MP: 4/4
   952 | D:2      | 952 ||| READING scroll of enchant armour.
   952 | D:2      | 952 ||| ENCHANTING +0 cloak.
  1186 | D:2      | Found a faded altar of an unknown god.
  1374 | D:2      | Reached XP level 5. HP: 24/32 MP: 5/5
  1457 | D:2      | 1457 ||| READING scroll labelled LOGOUT ILIESUP.
  1458 | D:2      | 1458 ||| READING scroll labelled GIUBLA KOISTY.
  1502 | D:3      | Found a stormy altar of Qazlal.
  1502 | D:3      | Noticed a sky beast
  1521 | D:3      | HP: 8/32 [sky beast (2)]
  1525 | D:3      | HP: 3/32 [something (2)]
  1525 | D:3      | HP: 1/32 [something (2)]
  1538 | D:3      | Killed a sky beast
  1654 | D:3      | 1654 ||| Stepping ~*~*~tactically~*~*~ (stealth).
  1672 | D:3      | Reached XP level 6. HP: 29/37 MP: 6/6
  1827 | D:3      | 1827 ||| Stepping ~*~*~tactically~*~*~ (stealth).
  1897 | D:3      | Identified the +0 robe of Patience {Str+2 Int+4 Stlth+}
  1912 | D:3      | Found a transporter.
  1967 | D:3      | Found a transporter.
  1970 | D:3      | Noticed qw's ghost (amateur GrFi)
  2116 | D:3      | 2116 ||| Stepping ~*~*~tactically~*~*~ (stealth).
  2123 | D:3      | Noticed Natasha
  2124 | D:3      | 2124 ||| Stepping ~*~*~tactically~*~*~ (hiding).
  2134 | D:3      | Killed Natasha
  2135 | D:3      | Reached skill level 1 in Dodging
  2214 | D:3      | Noticed Natasha
  2221 | D:3      | Killed Natasha
  2369 | D:3      | 2369 ||| UPGRADING to +0 pair of boots.
  2374 | D:3      | 2374 ||| UPGRADING to +0 chain mail.
  2384 | D:3      | 2384 ||| DROPPING +0 scale mail.
  2385 | D:3      | 2385 ||| READING scroll labelled TELOBRUWUT.
  2486 | D:3      | 2486 ||| READING scroll labelled AXUZETT BOETA.
  2490 | D:3      | 2490 ||| READING scroll labelled TYTIMOBOU CIHI.
  2491 | D:3      | 2491 ||| DRINKING 3 blue potions.
  2509 | D:4      | 2509 ||| PLANNING SEWER
  2568 | D:4      | Found a staircase to the Ecumenical Temple.
  2655 | D:4      | Found a glowing drain.
  2669 | D:4      | 2669 ||| UPGRADING to +0 kite shield.
  2679 | D:4      | 2679 ||| DROPPING +0 buckler.
  2680 | D:4      | 2680 ||| UPGRADING to ring of positive energy.
  2693 | Sewer    | Entered a sewer
  2977 | Sewer    | 2977 ||| READING scroll labelled OTIXZIYPPA.
  2978 | Sewer    | 2978 ||| READING 2 scrolls labelled ILYMIA YTHRESS.
  2979 | Sewer    | 2979 ||| READING scroll labelled ATHRUZX ALUU.
  2980 | Sewer    | 2980 ||| READING scroll labelled CIEDOLAILI.
  2981 | Sewer    | 2981 ||| READING 2 scrolls of identify.
  2981 | Sewer    | 2981 ||| IDENTIFYING smoky orange potion
  2982 | Sewer    | 2982 ||| DROPPING scroll of immolation.
  2986 | D:4      | 2986 ||| PLANNING TEMPLE
  3030 | Temple   | Entered the Ecumenical Temple
  3037 | Temple   | 3037 ||| PLANNING OKAWARU WORSHIP
  3209 | Temple   | Became a worshipper of Warmaster Okawaru
  3209 | Temple   | 3209 ||| PLANNING D:1-11
  3403 | D:4      | Found Zobuxidgh's Assorted Antiques.
  3420 | D:4      | 3420 ||| BUYING clear potion (16 gold).
  3420 | D:4      | Bought a clear potion for 16 gold pieces
  3420 | D:4      | 3420 ||| BUYING scroll of identify (36 gold).
  3420 | D:4      | Bought a scroll of identify for 36 gold pieces
  3420 | D:4      | 3420 ||| BUYING tapered ivory wand (72 gold).
  3420 | D:4      | Bought a tapered ivory wand for 72 gold pieces
  3420 | D:4      | 3420 ||| SHOPLISTING twisted broad axe (162 gold, have 14).
  3508 | D:4      | Reached XP level 7. HP: 43/43 MP: 7/7
  3749 | D:4      | Found Foegunac's Overcharged Wands.
  3757 | D:4      | 3757 ||| SHOPLISTING wand of digging (11) (693 gold, have
                  | 14).
  3940 | D:4      | 3940 ||| UPGRADING to ring of see invisible.
  3941 | D:4      | 3941 ||| DRINKING 2 clear potions.
  3942 | D:4      | 3942 ||| READING 2 scrolls of identify.
  3942 | D:4      | 3942 ||| IDENTIFYING lumpy sapphire potion
  3943 | D:4      | 3943 ||| DROPPING wand of roots (6).
  3996 | D:5      | Entered Level 5 of the Dungeon
  4003 | D:5      | Noticed Blork the orc
  4004 | D:5      | 4004 ||| Stepping ~*~*~tactically~*~*~ (hiding).
  4005 | D:5      | 4005 ||| Stepping ~*~*~tactically~*~*~ (hiding).
  4017 | D:5      | Killed Blork the orc
  4024 | D:5      | 4024 ||| Stepping ~*~*~tactically~*~*~ (stealth).
  4025 | D:5      | 4025 ||| FLEEEEING.
  4028 | D:5      | 4028 ||| FLEEEEING.
  4029 | D:5      | 4029 ||| FLEEEEING.
  4030 | D:5      | 4030 ||| STAIRDANCE
  4091 | D:5      | 4091 ||| STAIRDANCE
  4131 | D:5      | 4131 ||| Stepping ~*~*~tactically~*~*~ (stealth).
  4132 | D:5      | 4132 ||| Stepping ~*~*~tactically~*~*~ (stealth).
  4133 | D:5      | 4133 ||| Stepping ~*~*~tactically~*~*~ (stealth).
  4180 | D:5      | 4180 ||| Stepping ~*~*~tactically~*~*~ (hiding).
  4182 | D:5      | 4182 ||| Stepping ~*~*~tactically~*~*~ (hiding).
  4190 | D:5      | Reached skill level 6 in Axes
  4323 | D:5      | 4323 ||| Stepping ~*~*~tactically~*~*~ (hiding).
  4346 | D:5      | HP: 7/43 [gnoll/+2 spear of venom (5)]
  4347 | D:5      | 4347 ||| DRINKING 2 potions of heal wounds.
  4355 | D:5      | HP: 10/43 [gnoll/+2 spear of venom (3)]
  4356 | D:5      | 4356 ||| DRINKING potion of heal wounds.
  4421 | D:5      | Noticed Ijyb
  4444 | D:5      | Killed Ijyb
  4445 | D:5      | Reached skill level 6 in Shields
  4527 | D:5      | Found an ancient bone altar of Kikubaaqudgha.
  4664 | D:5      | 4664 ||| READING scroll labelled DUOMAYG YBOESH.
  4665 | D:5      | 4665 ||| DRINKING 2 sapphire potions.
  4666 | D:5      | 4666 ||| DRINKING 2 dark potions.
  4666 | D:5      | Gained mutation: You are agile. (Dex +4, Str/Int -1)
                  | [potion of mutation]
  4724 | D:6      | Reached * piety under Okawaru
  4725 | D:6      | Reached XP level 8. HP: 34/48 MP: 8/8
  4829 | D:6      | 4829 ||| INVOKING Heroism.
  4837 | D:6      | Reached skill level 1 in Invocations
  4841 | D:6      | 4841 ||| INVOKING Heroism.
  5019 | D:6      | 5019 ||| INVOKING Heroism.
  5027 | D:6      | Reached skill level 3 in Invocations
  5072 | D:6      | Found Nirecau's Antique Weapon Emporium.
  5078 | D:6      | 5078 ||| SHOPLISTING glowing mace (150 gold, have 145).
  5078 | D:6      | 5078 ||| SHOPLISTING steaming hand axe (200 gold, have
                  | 145).
  5144 | D:6      | Found Wud Yrch's Armour Boutique.
  5153 | D:6      | 5153 ||| SHOPLISTING +9 plate armour of Ennui {Will+} (886
                  | gold, have 172).
  5308 | D:6      | Noticed a troll
  5309 | D:6      | 5309 ||| INVOKING Heroism.
  5321 | D:6      | Killed a troll
  5355 | D:6      | Found Paog's Antique Armour Shoppe.
  5365 | D:6      | 5365 ||| SHOPLISTING masterwork chain mail (237 gold, have
                  | 188).
  5365 | D:6      | 5365 ||| BUYING pair of embroidered boots (187 gold).
  5365 | D:6      | Bought a pair of embroidered boots for 187 gold pieces
  5404 | D:6      | Found Jioru's Jewellery Boutique.
  5415 | D:6      | 5415 ||| SHOPLISTING amulet of Fugausur {Faith Contam rCorr
                  | Str+4 Int+5} (659 gold, have 1).
  5415 | D:6      | 5415 ||| SHOPLISTING amulet of reflection (300 gold, have
                  | 1).
  5415 | D:6      | 5415 ||| SHOPLISTING ring of fire (250 gold, have 1).
  5415 | D:6      | 5415 ||| SHOPLISTING ring of resist corrosion (200 gold,
                  | have 1).
  5415 | D:6      | 5415 ||| SHOPLISTING ring of see invisible (150 gold, have
                  | 1).
  5622 | D:6      | 5622 ||| INVOKING Heroism.
  5624 | D:6      | Reached XP level 9. HP: 38/54 MP: 9/12
  5679 | D:6      | 5679 ||| INVOKING Heroism.
  5712 | D:6      | Found Totruser's General Store.
  5722 | D:6      | 5722 ||| SHOPLISTING potion of curing (36 gold, have 1).
  5722 | D:6      | 5722 ||| SHOPLISTING scroll of enchant armour (90 gold,
                  | have 1).
  5722 | D:6      | 5722 ||| SHOPLISTING scroll of identify (24 gold, have 1).
  5751 | D:6      | 5751 ||| UPGRADING to +0 plate armour.
  5761 | D:6      | 5761 ||| DROPPING +0 chain mail.
  5762 | D:6      | 5762 ||| UPGRADING to +0 pair of gloves.
  5767 | D:6      | 5767 ||| DROPPING +0 pair of boots of stealth.
  5768 | D:6      | 5768 ||| UPGRADING to ring of protection from cold.
  5782 | D:7      | 5782 ||| Stepping ~*~*~tactically~*~*~ (stealth).
  5807 | D:7      | 5807 ||| INVOKING Heroism.
  5836 | D:7      | HP: 9/54 [orc priest/divine providence (11)]
  5837 | D:7      | HP: 2/54 [orc warrior/+0 war axe (8)]
  5837 | D:7      | Killed from afar by an orc priest

Levels and vault maps discovered:
D:1:      dpeg_arrival_caged_fury, layout_rooms, serial_forest,
          infiniplex_forest_3_way, infiniplex_forest_straight_2,
          infiniplex_forest_lined_1, infiniplex_forest_clump_long,
          infiniplex_forest_side_room, infiniplex_forest_lined_2,
          infiniplex_forest_corner_1, infiniplex_forest_lined_3_way,
          infiniplex_forest_clump_long, infiniplex_forest_straight_2,
          minmay_fountain_box
D:2:      layout_basic, ebering_ecumenical_altar_hall, minmay_small_reverse_x
D:3:      layout_basic, nicolae_qazlal_beasts_of_the_sky,
          gammafunk_ghost_mausoleum, minmay_misc_feat_roman, minmay_distorted,
          uniq_natasha
D:4:      layout_loops_corners, minmay_temple_entry_mist, serial_shops,
          nicolae_shop_tiny_glass, portal_sewer_entry_f,
          nicolae_shop_overcharged_wands
D:5:      layout_rooms, kiku_gazebo_pond_becter, uniq_ijyb, uniq_blork_the_orc
D:6:      layout_cave_pods, serial_shops, shop, shop_statue,
          nicolae_shop_peninsula, nicolae_shop_getting_attention,
          nicolae_shop_tiny_glass
D:7:      layout_basic, mainiacjoe_overflow_tiny_flanked, serial_shops,
          nicolae_shop_gaudy_bauble
Temple:   nicolae_temple_bog_church

Skill      XL: |  1  2  3  4  5  6  7  8  9 |
---------------+----------------------------+-----
Axes           | 2 3 4 5 6 7 |  7.0
Fighting       | 4 5 |  5.4
Dodging        | 1 |  1.0
Shields        | 4 6 7 |  7.3
Invocations    | 4 |  4.2
Throwing       | 2 |  2.1
Armour         | 5 |  5.1

Action                     |  1- 3 |  4- 6 |  7- 9 || total
---------------------------+-------+-------+-------++-------
  Melee: War axe           |    87 |   252 |   236 ||   575
  Throw: Boomerang         |       |       |    18 ||    18
 Invoke: Heroism           |       |       |     7 ||     7
    Use: Scroll            |     5 |    11 |     2 ||    18
         Potion            |     1 |     1 |     5 ||     7
 Armour: Scale mail        |    45 |    87 |       ||   132
         Chain mail        |       |    60 |   118 ||   178
         Plate armour      |       |       |    38 ||    38
  Dodge: Dodged            |    38 |    95 |    88 ||   221
  Block: Buckler           |    18 |    26 |       ||    44
         Kite shield       |       |    34 |   141 ||   175

Table legend:
 A = Non-vault XP
 B = Vault XP
 C = Vault XP percentage of total XP
 D = Non-vault monster count
 E = Vault monster count
 F = Vault count percentage of total count
                 A         B        C        D         E       F
            +---------+---------+-------+---------+---------+-------
      Total |    2786 |     387 |  12.2 |     124 |      26 |  17.3
            +---------+---------+-------+---------+---------+-------
        D:1 |      32 |       0 |   0.0 |      21 |       0 |   0.0
        D:2 |     129 |       7 |   5.1 |      22 |       4 |  15.4
        D:3 |     128 |     167 |  56.6 |      27 |       4 |  12.9
        D:4 |     141 |      10 |   6.6 |      12 |       5 |  29.4
        D:5 |     326 |     130 |  28.5 |      14 |       2 |  12.5
        D:6 |    1540 |       0 |   0.0 |      18 |       0 |   0.0
        D:7 |     490 |       0 |   0.0 |      10 |       0 |   0.0
      Sewer |       0 |      73 | 100.0 |       0 |      11 | 100.0
            +---------+---------+-------+---------+---------+-------
